[ AOE2 MATCH · #466951037 ]
UnrankedKoreans vs Ethiopians
Player's team · LOSS
[ REPLAY ANALYSIS · EXTRACTED FROM THE RECORDED GAME ]
Feudal
10:17
Castle
18:28
Imperial
26:16
| APM avg | 39.4 |
| APM peak | 74 |
| eAPM avg | 18.4 |
| Villagers / military | 107 / 46 |
Focus
⚔️ 32.1% · 🌾 67.9%
War Wagon ×26 · Iron Pagoda ×10 · Militia ×4 · Monk ×2 · Trebuchet (Packed) ×2 · Archer ×1
Feudal
10:36
Castle
15:57
Imperial
—
| APM avg | 76.2 |
| APM peak | 106 |
| eAPM avg | 40.9 |
| Villagers / military | 152 / 155 |
Focus
⚔️ 59.3% · 🌾 40.7%
Skirmisher ×69 · Archer ×29 · Shotel Warrior ×29 · Battering Ram ×16 · Monk ×7 · Mangonel ×5
Match map
Initial resources + every placement click. Lines = walls · curves = elevation contours. ◆ gold · ⬟ stone · ● berries · ✦ relic · ◌ wall gap
Your base· ✓ Closed at 18:28 · 0t walls · 2 gate(s)
HGB's base· ✓ Closed at 15:57 · 33t walls · 1 gate(s)
Smoothed initial terrain · ◌ = detected wall gap · hover for details
Inputs per minute
— Colem - - HGB
Build order — Colem
First 150 of 212 actions detected
| 0:01 | Create | Villager (Male) |
| 0:01 | Create | Villager (Male) |
| 0:02 | Build | House |
| 0:03 | Build | House |
| 0:11 | Create | Villager (Male) |
| 0:11 | Create | Villager (Male) |
| 1:30 | Create | Villager (Male) |
| 1:56 | Build | Lumber Camp |
| 2:05 | Create | Villager (Male) |
| 2:30 | Create | Villager (Male) |
| 2:30 | Create | Villager (Male) |
| 2:56 | Create | Villager (Male) |
| 3:16 | Create | Villager (Male) |
| 3:47 | Build | House |
| 3:49 | Create | Villager (Male) |
| 3:49 | Create | Villager (Male) |
| 3:57 | Build | Mill |
| 4:21 | Create | Villager (Male) |
| 5:07 | Create | Villager (Male) |
| 5:20 | Create | Villager (Male) |
| 5:49 | Create | Villager (Male) |
| 5:59 | Create | Villager (Male) |
| 6:03 | Build | Mill |
| 6:13 | Create | Villager (Male) |
| 6:31 | Build | House |
| 6:38 | Build | House |
| 7:02 | Research | Loom |
| 7:15 | Build | House |
| 7:40 | Create | Villager (Male) |
| 7:58 | Build | Barracks |
| 8:01 | Create | Villager (Male) |
| 8:07 | Research | Feudal Age |
| 8:50 | Create | Militia |
| 8:50 | Create | Militia |
| 8:54 | Build | Mining Camp |
| 9:39 | Create | Militia |
| 9:40 | Create | Villager (Male) |
| 9:59 | Create | Militia |
| 10:00 | Create | Villager (Male) |
| 10:17 | Age | Feudal Age |
| 10:21 | Research | Man-at-Arms (upgrade) |
| 10:44 | Build | Archery Range |
| 10:53 | Create | Villager (Male) |
| 11:28 | Create | Villager (Male) |
| 11:43 | Create | Archer |
| 11:48 | Create | Villager (Male) |
| 11:51 | Research | Double-Bit Axe |
| 12:07 | Research | Arson |
| 12:30 | Create | Villager (Male) |
| 12:31 | Create | Villager (Male) |
| 12:48 | Research | Horse Collar |
| 13:13 | Create | Villager (Male) |
| 13:34 | Build | Farm |
| 13:34 | Build | Farm |
| 14:04 | Build | Farm |
| 14:04 | Build | Farm |
| 14:07 | Build | Farm |
| 14:08 | Build | Farm |
| 14:09 | Create | Villager (Male) |
| 14:10 | Create | Villager (Male) |
| 14:10 | Create | Villager (Male) |
| 14:14 | Build | House |
| 14:58 | Create | Villager (Male) |
| 15:11 | Build | Blacksmith |
| 15:16 | Create | Villager (Male) |
| 15:35 | Build | Palisade Gate |
| 15:48 | Research | Castle Age |
| 16:20 | Build | House |
| 16:22 | Build | House |
| 16:28 | Build | Mining Camp |
| 17:01 | Build | Gate |
| 17:54 | Build | Watch Tower |
| 18:00 | Build | Watch Tower |
| 18:05 | Create | Villager (Male) |
| 18:22 | Research | Fletching |
| 18:28 | Age | Castle Age |
| 18:44 | Create | Villager (Male) |
| 18:55 | Build | Gate |
| 19:15 | Build | Watch Tower |
| 19:17 | Create | Villager (Male) |
| 19:29 | Research | Bow Saw |
| 19:46 | Create | Villager (Male) |
| 19:47 | Create | Villager (Male) |
| 19:51 | Build | Farm |
| 19:55 | Build | Farm |
| 19:58 | Build | Farm |
| 20:00 | Build | Farm |
| 20:10 | Build | Farm |
| 20:13 | Build | Farm |
| 20:20 | Build | Farm |
| 20:29 | Build | Gate |
| 20:48 | Create | Villager (Male) |
| 20:50 | Create | Villager (Male) |
| 21:46 | Build | Blacksmith |
| 21:54 | Build | Siege Workshop |
| 21:56 | Create | Villager (Male) |
| 22:33 | Create | Villager (Male) |
| 22:37 | Build | Monastery |
| 22:44 | Build | Farm |
| 22:56 | Build | House |
| 22:58 | Build | House |
| 23:00 | Create | Villager (Male) |
| 23:03 | Create | Iron Pagoda |
| 23:06 | Research | Imperial Age |
| 23:34 | Create | Iron Pagoda |
| 23:35 | Create | Villager (Male) |
| 23:42 | Create | Monk |
| 24:17 | Build | Castle |
| 24:23 | Create | Villager (Male) |
| 24:51 | Create | Villager (Male) |
| 24:58 | Create | Iron Pagoda |
| 24:59 | Create | Villager (Male) |
| 25:00 | Create | Villager (Male) |
| 25:21 | Create | Villager (Male) |
| 26:07 | Research | Bodkin Arrow |
| 26:11 | Build | Market |
| 26:16 | Age | Imperial Age |
| 26:40 | Create | Villager (Male) |
| 26:53 | Create | War Wagon |
| 27:10 | Build | Town Center |
| 27:20 | Create | War Wagon |
| 27:41 | Create | Villager (Male) |
| 28:01 | Create | War Wagon |
| 28:17 | Build | House |
| 28:28 | Create | War Wagon |
| 28:36 | Research | Bracer |
| 28:39 | Build | Farm |
| 29:02 | Create | War Wagon |
| 29:35 | Create | Villager (Male) |
| 29:49 | Create | Villager (Male) |
| 29:49 | Create | Villager (Male) |
| 29:49 | Create | Villager (Male) |
| 29:55 | Create | War Wagon |
| 29:56 | Create | War Wagon |
| 29:57 | Create | Villager (Male) |
| 29:57 | Create | Villager (Male) |
| 30:32 | Create | Villager (Male) |
| 30:32 | Create | Villager (Male) |
| 30:34 | Create | Villager (Male) ×3 |
| 30:51 | Create | War Wagon |
| 30:52 | Create | War Wagon |
| 31:08 | Create | War Wagon |
| 31:09 | Create | Villager (Male) ×2 |
| 31:14 | Build | Lumber Camp |
| 31:50 | Create | War Wagon |
| 31:50 | Create | Villager (Male) |
| 32:18 | Create | Iron Pagoda |
| 32:20 | Create | Villager (Male) ×4 |
| 32:55 | Create | Villager (Male) |
| 33:05 | Build | Mining Camp |
Build order — HGB
First 150 of 466 actions detected
| 0:01 | Create | Villager (Male) |
| 0:02 | Build | House |
| 0:03 | Build | House |
| 0:05 | Create | Villager (Male) |
| 0:10 | Create | Villager (Male) |
| 0:29 | Create | Villager (Male) |
| 0:30 | Create | Villager (Male) |
| 1:31 | Create | Villager (Male) |
| 1:31 | Create | Villager (Male) |
| 2:00 | Create | Villager (Male) |
| 2:00 | Create | Villager (Male) |
| 2:23 | Build | Lumber Camp |
| 2:27 | Create | Villager (Male) |
| 2:28 | Create | Villager (Male) |
| 2:59 | Create | Villager (Male) |
| 2:59 | Create | Villager (Male) |
| 3:11 | Create | Villager (Male) |
| 3:37 | Build | House |
| 4:07 | Create | Villager (Male) |
| 4:08 | Create | Villager (Male) |
| 4:08 | Create | Villager (Male) |
| 4:08 | Create | Villager (Male) |
| 4:16 | Build | Palisade Wall |
| 4:20 | Build | Palisade Wall |
| 4:21 | Build | Palisade Wall |
| 4:31 | Create | Villager (Male) |
| 4:31 | Create | Villager (Male) |
| 4:31 | Create | Villager (Male) |
| 4:55 | Create | Villager (Male) |
| 5:24 | Build | Mill |
| 6:05 | Build | House |
| 6:20 | Create | Villager (Male) |
| 6:22 | Build | Palisade Wall |
| 6:50 | Build | House |
| 6:52 | Build | Palisade Wall |
| 6:52 | Build | Palisade Wall |
| 6:56 | Create | Villager (Male) |
| 7:27 | Create | Villager (Male) |
| 7:59 | Create | Villager (Male) |
| 8:18 | Build | Palisade Wall |
| 8:19 | Build | Palisade Wall |
| 8:20 | Build | Palisade Wall |
| 8:21 | Build | Palisade Wall |
| 8:21 | Build | Palisade Wall |
| 8:21 | Build | Palisade Wall |
| 8:22 | Build | Palisade Wall |
| 8:26 | Research | Feudal Age |
| 8:26 | Research | Feudal Age |
| 8:33 | Build | Mining Camp |
| 9:32 | Build | Barracks |
| 10:01 | Build | House |
| 10:13 | Build | House |
| 10:19 | Create | Villager (Male) |
| 10:36 | Age | Feudal Age |
| 10:38 | Create | Villager (Male) |
| 10:46 | Build | Archery Range |
| 11:04 | Build | Market |
| 11:08 | Create | Villager (Male) |
| 11:11 | Build | Stone Wall |
| 11:12 | Build | Stone Wall |
| 11:26 | Create | Villager (Male) |
| 12:06 | Create | Villager (Male) |
| 12:36 | Build | Watch Tower |
| 12:49 | Research | Loom |
| 12:50 | Research | Loom |
| 12:57 | Create | Archer |
| 13:17 | Research | Castle Age |
| 13:27 | Research | Double-Bit Axe |
| 13:28 | Research | Double-Bit Axe |
| 13:29 | Create | Archer |
| 13:55 | Build | Farm |
| 13:57 | Build | Archery Range |
| 14:08 | Build | Gate |
| 14:10 | Create | Archer |
| 14:15 | Build | Farm |
| 14:18 | Build | House |
| 14:47 | Create | Archer |
| 14:54 | Create | Archer |
| 15:07 | Create | Archer |
| 15:19 | Build | Blacksmith |
| 15:26 | Create | Archer |
| 15:26 | Create | Archer |
| 15:42 | Create | Archer |
| 15:51 | Create | Villager (Male) |
| 15:57 | Age | Castle Age |
| 16:02 | Research | Crossbowman (upgrade) |
| 16:03 | Research | Crossbowman (upgrade) |
| 16:05 | Create | Archer |
| 16:11 | Research | Fletching |
| 16:12 | Research | Fletching |
| 16:24 | Build | Siege Workshop |
| 16:43 | Create | Archer |
| 16:47 | Build | Palisade Wall |
| 16:55 | Create | Archer |
| 16:59 | Create | Villager (Male) |
| 17:03 | Build | House |
| 17:05 | Build | House |
| 17:06 | Build | House |
| 17:30 | Create | Mangonel |
| 17:47 | Create | Archer |
| 17:54 | Create | Archer |
| 17:56 | Create | Archer |
| 17:56 | Create | Archer |
| 17:58 | Create | Villager (Male) |
| 18:00 | Build | Farm |
| 18:05 | Build | House |
| 18:12 | Create | Archer |
| 18:12 | Create | Archer |
| 18:32 | Build | Outpost |
| 18:37 | Create | Villager (Male) |
| 18:37 | Create | Villager (Male) |
| 18:52 | Create | Villager (Male) |
| 18:53 | Create | Villager (Male) |
| 19:09 | Build | Outpost |
| 19:14 | Create | Villager (Male) |
| 19:14 | Create | Villager (Male) |
| 19:21 | Build | Town Center |
| 19:39 | Build | Outpost |
| 19:57 | Create | Villager (Male) |
| 20:10 | Create | Villager (Male) |
| 20:11 | Build | Lumber Camp |
| 20:28 | Create | Villager (Male) |
| 20:34 | Create | Villager (Male) |
| 20:35 | Build | Farm |
| 20:36 | Build | Farm |
| 20:42 | Research | Horse Collar |
| 20:42 | Research | Horse Collar |
| 20:51 | Create | Villager (Male) |
| 20:57 | Build | Outpost |
| 21:08 | Build | Farm |
| 21:11 | Build | Farm |
| 21:15 | Build | Farm |
| 21:24 | Build | Outpost |
| 21:26 | Create | Villager (Male) |
| 21:52 | Create | Villager (Male) |
| 22:02 | Build | Town Center |
| 22:06 | Create | Villager (Male) |
| 22:06 | Create | Villager (Male) |
| 22:17 | Build | Outpost |
| 22:24 | Build | Monastery |
| 22:26 | Create | Villager (Male) |
| 22:27 | Create | Villager (Male) |
| 22:48 | Create | Monk |
| 22:51 | Create | Villager (Male) |
| 22:53 | Build | Farm |
| 22:54 | Build | Farm |
| 22:55 | Build | Farm |
| 23:06 | Create | Villager (Male) |
| 23:07 | Create | Villager (Male) |
| 23:09 | Build | Lumber Camp |
Match timeline
| 4:16 | HGB · wall_segment Palisade Wall x2 |
| 4:20 | HGB · wall_segment Palisade Wall x9 |
| 4:21 | HGB · wall_segment Palisade Wall x6 |
| 6:22 | HGB · wall_segment Palisade Wall x1 |
| 6:52 | HGB · wall_segment Palisade Wall x6 |
| 6:52 | HGB · wall_segment Palisade Wall x4 |
| 7:58 | Colem · first_building Barracks |
| 8:18 | HGB · wall_segment Palisade Wall x1 |
| 8:19 | HGB · wall_segment Palisade Wall x1 |
| 8:20 | HGB · wall_segment Palisade Wall x1 |
| 8:21 | HGB · wall_segment Palisade Wall x1 |
| 8:21 | HGB · wall_segment Palisade Wall x1 |
| 8:21 | HGB · wall_segment Palisade Wall x1 |
| 8:22 | HGB · wall_segment Palisade Wall x1 |
| 9:32 | HGB · first_building Barracks |
| 10:17 | Colem · age_up feudal |
| 10:36 | HGB · age_up feudal |
| 10:44 | Colem · first_building Archery Range |
| 10:46 | HGB · first_building Archery Range |
| 11:11 | HGB · wall_segment Stone Wall x1 |
| 11:12 | HGB · wall_segment Stone Wall x1 |
| 12:49 | HGB · first_market_buy 100 food |
| 15:57 | HGB · age_up castle |
| 16:24 | HGB · first_building Siege Workshop |
| 16:47 | HGB · wall_segment Palisade Wall x1 |
| 17:29 | HGB · first_market_sell 100 food |
| 18:28 | Colem · age_up castle |
| 21:54 | Colem · first_building Siege Workshop |
| 22:24 | HGB · first_building Monastery |
| 22:37 | Colem · first_building Monastery |
| 24:17 | Colem · first_building Castle |
| 26:16 | Colem · age_up imperial |
| 28:21 | Colem · first_market_sell 100 food |
| 32:24 | HGB · first_building Castle |
| 38:00 | Colem · first_market_buy 100 stone |
| 40:20 | Colem · wall_segment Stone Wall x6 |
| 40:22 | Colem · wall_segment Stone Wall x1 |
| 43:47 | Colem · resign |
[ AI ANALYSIS · 1 CREDIT ]
What really happened in this match?
Wolo.gg analyzes every decision: build order, eco, micro, common mistakes by bracket. Personalized analysis on WhatsApp or Discord in 30 seconds.
Civ guide
Koreans
Perfil
Jugador #1399027